PL
CHICAGO GOLD SOX @ VANCOUVER GREY WOLVES
06/21/2024
 
TOP OF THE 1ST
Chicago Gold Sox batting - Pitching for Vancouver Grey Wolves : LHP Seung-hyeon So
Pitching: LHP Seung-hyeon So
Batting: RHB Rod Jones 0-0: Swinging Strike
0-1: Ball
1-1: Called Strike
1-2: Foul Ball, location: 2F
1-2: Strikes out swinging
Batting: LHB William Wise 0-0: Foul Ball, location: 2F
0-1: Swinging Strike
0-2: Ball
1-2: Foul Ball, location: 2F
1-2: Ball
2-2: Ball
3-2: Base on Balls
Batting: LHB Noel Ballard 0-0: Ball
1-0: Called Strike
1-1: Foul Ball, location: 2F
1-2: Ball
2-2: Ball
3-2: Foul Ball, location: 2F
3-2: Fielders Choice at 2nd, 1-6 (Groundball, 13)
Batting: LHB Melvin Castro 0-0: Called Strike
0-1: Ball
Noel Ballard steals 2nd base
1-1: Fly out, F9 (Flyball, 89S)
Top of the 1st over - 0 run(s), 0 hit(s), 0 error(s), 1 left on base; Chicago 0 - Vancouver 0
BOTTOM OF THE 1ST
Vancouver Grey Wolves batting - Pitching for Chicago Gold Sox : RHP Ralph McKinney
Pitching: RHP Ralph McKinney
Batting: LHB David Hubbard 0-0: Ball
1-0: Swinging Strike
1-1: Called Strike
1-2: Strikes out looking
Batting: LHB José Alonso 0-0: Foul Ball, location: 2F
0-1: Foul Ball, location: 2F
0-2: Ball
1-2: Foul Ball, location: 2F
1-2: Foul Ball, location: 2F
1-2: Strikes out swinging
Batting: RHB Danny Walsh 0-0: Ball
1-0: Called Strike
1-1: Ball
2-1: Ball
3-1: Base on Balls
Batting: LHB Min-heui Im 0-0: Foul Ball, location: 2F
0-1: Ball
1-1: Foul Ball, location: 2F
1-2: Strikes out swinging
Bottom of the 1st over - 0 run(s), 0 hit(s), 0 error(s), 1 left on base; Chicago 0 - Vancouver 0
TOP OF THE 2ND
Chicago Gold Sox batting - Pitching for Vancouver Grey Wolves : LHP Seung-hyeon So
Batting: LHB Eddie Flynn 0-0: Called Strike
0-1: Ball
1-1: Foul Ball, location: 2F
1-2: SINGLE (Line Drive, 8RS)
Batting: RHB Takeru Sanu 0-0: SINGLE (Line Drive, 34D)
Eddie Flynn to second
Batting: RHB Brent Barlow 0-0: Called Strike
0-1: Ball
1-1: Ball
2-1: Fly out, F9 (Line Drive, 9M)
Batting: LHB Chris Hill 0-0: Ball
1-0: Called Strike
1-1: Ball
2-1: SINGLE (Line Drive, 3D)
Eddie Flynn to third
Takeru Sanu to second
Runner from 3rd tries for Home, SAFE, throw made home
Takeru Sanu to third
Chris Hill to second
Batting: LHB Sam Good 0-0: Swinging Strike
0-1: Ground out 5-3 (Groundball, 56S)
Takeru Sanu scores
Chris Hill to third
Batting: RHB Rod Jones 0-0: Ball
1-0: Fly out, F8 (Flyball, 8RD)
Top of the 2nd over - 2 run(s), 3 hit(s), 0 error(s), 1 left on base; Chicago 2 - Vancouver 0
BOTTOM OF THE 2ND
Vancouver Grey Wolves batting - Pitching for Chicago Gold Sox : RHP Ralph McKinney
Batting: LHB Timmy Appeldoorn 0-0: Called Strike
0-1: SOLO HOME RUN (Flyball, 8LXD), Distance : 426 ft
Batting: LHB Emílio Barbán 0-0: Ball
1-0: Fly out, F9 (Flyball, 89XD)
Batting: RHB Travis Newsome 0-0: Fly out, F8 (Flyball, 8LXD)
Batting: LHB Luis Rodríguez 0-0: Called Strike
0-1: Ball
1-1: Ball
2-1: Swinging Strike
2-2: Strikes out swinging
Bottom of the 2nd over - 1 run(s), 1 hit(s), 0 error(s), 0 left on base; Chicago 2 - Vancouver 1
TOP OF THE 3RD
Chicago Gold Sox batting - Pitching for Vancouver Grey Wolves : LHP Seung-hyeon So
Batting: LHB William Wise 0-0: Ball
1-0: SOLO HOME RUN (Line Drive, 89XD), Distance : 375 ft
Batting: LHB Noel Ballard 0-0: Ball
1-0: Ball
2-0: Foul Ball, location: 2F
2-1: Foul Ball, location: 2F
2-2: Foul Ball, location: 2F
2-2: Ball
3-2: SINGLE (Groundball, 34D)
Batting: LHB Melvin Castro 0-0: Called Strike
0-1: Ball
1-1: Ball
2-1: Ball
3-1: Grounds into double play, 4-6-3 (Groundball, 4)
Batting: LHB Eddie Flynn 0-0: Ball
1-0: Ground out 4-3 (Groundball, 4M)
Top of the 3rd over - 1 run(s), 2 hit(s), 0 error(s), 0 left on base; Chicago 3 - Vancouver 1
BOTTOM OF THE 3RD
Vancouver Grey Wolves batting - Pitching for Chicago Gold Sox : RHP Ralph McKinney
Batting: RHB Dusty Childress 0-0: Ball
1-0: SOLO HOME RUN (Flyball, 78XD), Distance : 370 ft
Batting: LHB David Hubbard 0-0: Fly out, F7 (Flyball, 7S)
Batting: LHB José Alonso 0-0: Ground out U3 (Groundball, 3)
Batting: RHB Danny Walsh 0-0: Ground out 5-3 (Groundball, 56)
Bottom of the 3rd over - 1 run(s), 1 hit(s), 0 error(s), 0 left on base; Chicago 3 - Vancouver 2
TOP OF THE 4TH
Chicago Gold Sox batting - Pitching for Vancouver Grey Wolves : LHP Seung-hyeon So
Batting: RHB Takeru Sanu 0-0: Ball
1-0: Called Strike
1-1: Foul Ball, location: 2F
1-2: Strikes out swinging
Batting: RHB Brent Barlow 0-0: Called Strike
0-1: Swinging Strike
0-2: Ball
1-2: SINGLE (Flyball, 78S)
Batting: LHB Chris Hill 0-0: Ball
1-0: Called Strike
1-1: Called Strike
1-2: Fly out, F9 (Flyball, 89XD)
Batting: LHB Sam Good 0-0: Ground out 4-3 (Groundball, 4)
Top of the 4th over - 0 run(s), 1 hit(s), 0 error(s), 1 left on base; Chicago 3 - Vancouver 2
BOTTOM OF THE 4TH
Vancouver Grey Wolves batting - Pitching for Chicago Gold Sox : RHP Ralph McKinney
Batting: LHB Min-heui Im 0-0: Ground out 6-3 (Groundball, 6M)
Batting: LHB Timmy Appeldoorn 0-0: Called Strike
0-1: Ground out 4-3 (Groundball, 4)
Batting: LHB Emílio Barbán 0-0: Called Strike
0-1: Ball
1-1: Swinging Strike
1-2: Strikes out swinging
Bottom of the 4th over - 0 run(s), 0 hit(s), 0 error(s), 0 left on base; Chicago 3 - Vancouver 2
TOP OF THE 5TH
Chicago Gold Sox batting - Pitching for Vancouver Grey Wolves : LHP Seung-hyeon So
Batting: RHB Rod Jones 0-0: Foul Ball, location: 2F
0-1: Ball
1-1: Called Strike
1-2: Ball
2-2: Strikes out swinging
Batting: LHB William Wise 0-0: Called Strike
0-1: Called Strike
0-2: Ground out 6-3 (Groundball, 6)
Batting: LHB Noel Ballard 0-0: Ground out 1-3 (Groundball, 13S)
Top of the 5th over - 0 run(s), 0 hit(s), 0 error(s), 0 left on base; Chicago 3 - Vancouver 2
BOTTOM OF THE 5TH
Vancouver Grey Wolves batting - Pitching for Chicago Gold Sox : RHP Ralph McKinney
Batting: RHB Travis Newsome 0-0: Foul Ball, location: 2F
0-1: Ball
1-1: Ground out 6-3 (Groundball, 5)
Batting: LHB Luis Rodríguez 0-0: Ground out 3-1 (Groundball, 34)
Batting: RHB Dusty Childress 0-0: Called Strike
0-1: DOUBLE (Flyball, 7LM)
Batting: LHB David Hubbard 0-0: Ball
1-0: Ball
2-0: Foul Ball, location: 2F
2-1: Foul Ball, location: 2F
2-2: Fly out, F6 (Popup, 56D)
Bottom of the 5th over - 0 run(s), 1 hit(s), 0 error(s), 1 left on base; Chicago 3 - Vancouver 2
TOP OF THE 6TH
Chicago Gold Sox batting - Pitching for Vancouver Grey Wolves : LHP Seung-hyeon So
Batting: LHB Melvin Castro 0-0: Called Strike
0-1: Swinging Strike
0-2: Ground out 4-3 (Groundball, 4)
Batting: LHB Eddie Flynn 0-0: Called Strike
0-1: Ball
1-1: Ball
2-1: Ball
Single, Error in OF, E9, batter to second base
Batting: RHB Takeru Sanu 0-0: Foul Ball, location: 2F
0-1: Fly out, F9 (Flyball, 89M)
Batting: RHB Brent Barlow 0-0: Ground out 5-3 (Groundball, 56S)
Top of the 6th over - 0 run(s), 1 hit(s), 1 error(s), 1 left on base; Chicago 3 - Vancouver 2
BOTTOM OF THE 6TH
Vancouver Grey Wolves batting - Pitching for Chicago Gold Sox : RHP Ralph McKinney
Batting: LHB José Alonso 0-0: Ball
1-0: Foul Ball, location: 2F
1-1: SINGLE (Line Drive, 8RS)
Batting: RHB Danny Walsh 0-0: Grounds into double play, 4-6-3 (Groundball, 4)
Batting: LHB Min-heui Im 0-0: Called Strike
0-1: Hit by Pitch
Batting: LHB Timmy Appeldoorn 0-0: Called Strike
0-1: Fly out, F4 (Popup, 3D)
Bottom of the 6th over - 0 run(s), 1 hit(s), 0 error(s), 1 left on base; Chicago 3 - Vancouver 2
TOP OF THE 7TH
Chicago Gold Sox batting - Pitching for Vancouver Grey Wolves : LHP Seung-hyeon So
Batting: LHB Chris Hill 0-0: Ball
1-0: Ball
2-0: Ground out 4-3 (Groundball, 4)
Batting: LHB Sam Good 0-0: Called Strike
0-1: Called Strike
0-2: Foul Ball, location: 2F
0-2: Ball
1-2: Ball
2-2: Fly out, F5 (Popup, 56)
Batting: RHB Rod Jones 0-0: Ball
1-0: Swinging Strike
1-1: Swinging Strike
1-2: Ball
2-2: Ball
3-2: Foul Ball, location: 2F
3-2: Strikes out swinging
Top of the 7th over - 0 run(s), 0 hit(s), 0 error(s), 0 left on base; Chicago 3 - Vancouver 2
BOTTOM OF THE 7TH
Vancouver Grey Wolves batting - Pitching for Chicago Gold Sox : RHP Ralph McKinney
Batting: LHB Emílio Barbán 0-0: Called Strike
0-1: Foul Ball, location: 2F
0-2: Hit by Pitch
Batting: RHB Travis Newsome 0-0: Called Strike
0-1: Called Strike
0-2: Ball
1-2: Strikes out looking
Batting: LHB Luis Rodríguez 0-0: Ball
1-0: Ball
2-0: Swinging Strike
2-1: Grounds into double play, 1-6-3 (Groundball, 13)
Bottom of the 7th over - 0 run(s), 0 hit(s), 0 error(s), 0 left on base; Chicago 3 - Vancouver 2
TOP OF THE 8TH
Chicago Gold Sox batting - Pitching for Vancouver Grey Wolves : LHP Seung-hyeon So
Batting: LHB William Wise 0-0: Ball
1-0: Swinging Strike
1-1: Ball
2-1: Called Strike
2-2: Ball
3-2: Base on Balls
Pitching: LHP Kevin Woods
Batting: LHB Noel Ballard 0-0: Foul Ball, location: 2F
0-1: Called Strike
0-2: Ball
1-2: Fielders Choice at 2nd, 6-4 (Groundball, 6M)
Batting: LHB Melvin Castro 0-0: Ground out 4-3 (Groundball, 4M)
Noel Ballard to second
Batting: LHB Eddie Flynn 0-0: Ball
1-0: Called Strike
1-1: Ball
2-1: Foul Ball, location: 2F
2-2: Foul Ball, location: 2F
2-2: Foul Ball, location: 2F
2-2: Ball
3-2: Foul Ball, location: 2F
3-2: Base on Balls
Batting: RHB Takeru Sanu 0-0: Called Strike
0-1: Swinging Strike
0-2: Foul Ball, location: 2F
0-2: Fielders Choice at 2nd, 5-4 (Groundball, 56)
Top of the 8th over - 0 run(s), 0 hit(s), 0 error(s), 1 left on base; Chicago 3 - Vancouver 2
BOTTOM OF THE 8TH
Vancouver Grey Wolves batting - Pitching for Chicago Gold Sox : RHP Ralph McKinney
Now in RF: Brady Ferris
Batting: RHB Dusty Childress 0-0: Ball
1-0: Called Strike
1-1: Called Strike
1-2: Ball
2-2: Strikes out swinging
Batting: LHB David Hubbard 0-0: Ball
1-0: Foul Ball, location: 2F
1-1: Ball
2-1: SOLO HOME RUN (Flyball, 9D), Distance : 346 ft
Batting: LHB José Alonso 0-0: Ball
1-0: Foul Ball, location: 2F
1-1: Called Strike
1-2: Ground out 4-3 (Groundball, 34)
Batting: RHB Danny Walsh 0-0: Ball
1-0: Ball
2-0: Called Strike
2-1: Swinging Strike
2-2: Ball
3-2: Foul Ball, location: 2F
3-2: Fly out, F7 (Flyball, 78M)
Bottom of the 8th over - 1 run(s), 1 hit(s), 0 error(s), 0 left on base; Chicago 3 - Vancouver 3
TOP OF THE 9TH
Chicago Gold Sox batting - Pitching for Vancouver Grey Wolves : LHP Kevin Woods
Pitching: RHP David Hudson
Batting: RHB Brent Barlow 0-0: Called Strike
0-1: Swinging Strike
0-2: Ball
1-2: Foul Ball, location: 2F
1-2: Ball
2-2: Ball
3-2: Strikes out swinging
Batting: LHB Chris Hill 0-0: Ball
1-0: Swinging Strike
1-1: Reached on error, E1 (Groundball, 23)
Batting: LHB Sam Good 0-0: Called Strike
0-1: Ball
1-1: Ball
2-1: Ball
3-1: Foul Ball, location: 2F
3-2: Base on Balls
Chris Hill to second
Batting: RHB Rod Jones 0-0: SINGLE (Groundball, 56) (infield hit)
Chris Hill to third
Sam Good to second
Batting: LHB William Wise 0-0: Foul Ball, location: 2F
0-1: Foul Ball, location: 2F
0-2: Strikes out swinging
Pitching: RHP Joshua Barnes
Batting: LHB Noel Ballard 0-0: Foul Ball, location: 2F
0-1: Ball
1-1: Ball
2-1: Ball
3-1: Base on Balls
Chris Hill scores
Sam Good to third
Rod Jones to second
Batting: RHB Brady Ferris 0-0: Ball
1-0: Fly out, F6 (Popup, 56)
Top of the 9th over - 1 run(s), 1 hit(s), 1 error(s), 3 left on base; Chicago 4 - Vancouver 3
BOTTOM OF THE 9TH
Vancouver Grey Wolves batting - Pitching for Chicago Gold Sox : RHP Ralph McKinney
Batting: LHB Min-heui Im 0-0: Ball
1-0: Ball
2-0: Ball
3-0: Called Strike
3-1: Called Strike
3-2: Ground out 4-3 (Groundball, 4)
Batting: LHB Timmy Appeldoorn 0-0: Ball
1-0: Ball
2-0: Foul Ball, location: 2F
2-1: Ball
3-1: Base on Balls
Pitching: RHP Denny Marshall
Batting: LHB Emílio Barbán 0-0: Ball
1-0: Ball
2-0: Fly out, F5 (Popup, 5F)
Batting: RHB Travis Newsome 0-0: Ball
1-0: Fly out, F7 (Flyball, 78M)
Bottom of the 9th over - 0 run(s), 0 hit(s), 0 error(s), 1 left on base; Chicago 4 - Vancouver 3
This league is powered by Out of the Park Baseball, the baseball management simulation game for PC, Mac and Linux
Monday, October 3rd, 2016 - OOTP Baseball 16.9 Build 39